 Dungeon Crawl Stone Soup version 0.21.1-72-gffa868e0fe (webtiles) character file.

2106 plate the Skirmisher (level 9, -12/69 HPs)
             Began as a Gnoll Wanderer on Aug 4, 2018.
             Was a Believer of Lugonu.
             Mangled by a daeva
             ... wielding a +3 eudemon blade of holy wrath
             ... created by the Shining One
              (14 damage)
             ... on level 9 of the Dungeon.
             The game lasted 00:55:22 (9886 turns).

plate the Skirmisher (Gnoll Wanderer)               Turns: 9886, Time: 00:55:22

Health: -12/69     AC:  6    Str: 18    XL:     9   Next: 28%
Magic:  9/16       EV: 15    Int: 21    God:    Lugonu [**....]
Gold:   352        SH:  0    Dex: 15    Spells: 3/18 levels left

rFire    x . .     SeeInvis .   I - +9 dagger "Agifai Zine" {drain, Str+4 Dex+3}
rCold    + + .     Gourm    .   (no shield)
rNeg     . . .     Faith    .   z - +2 robe {rC+}
rPois    .         Spirit   .   P - +2 hat
rElec    .         Reflect  .   (no cloak)
rCorr    .         Harm     .   (no gloves)
MR       +....                  (no boots)
Stlth    ++........             (no amulet)
HPRegen  0.21/turn              h - ring of protection from magic
MPRegen  0.15/turn              H - ring of ice

@: about to teleport, glowing
A: distributed training, fangs 1, strong nose
a: Depart the Abyss, Bend Space, Renounce Religion


You were on level 9 of the Dungeon.
You worshipped Lugonu.
Lugonu was pleased with you.
You were not hungry.

You visited 2 branches of the dungeon, and saw 9 of its levels.

You collected 352 gold pieces.

Inventory:

Hand Weapons
 e - a +0 club
 f - a +0 dagger
 i - a +1 falchion
 j - a +0 dagger
 l - a +0 scythe
 m - a +0 spear
 s - a -3 spear
 B - a +0 long sword
 C - a +0 falchion
 I - the +9 dagger "Agifai Zine" (weapon) {drain, Str+4 Dex+3}
   (You found it on level 4 of the Dungeon)

   A truly terrible weapon, it drains the life of those it strikes.
   It affects your strength (+4).
   It affects your dexterity (+3).
 O - a -2 falchion
Missiles
 q - 14 tomahawks (quivered)
 Q - 6 javelins
Armour
 d - a +0 robe
 k - a cursed -1 robe
 p - a +0 leather armour
 r - a +0 leather armour
 t - a +0 robe
 v - a +0 ring mail
 z - a +2 robe of cold resistance (worn)
 G - a +0 ring mail
 P - a +2 hat (worn)
Magical Staves
 U - an uncursed staff of conjuration
Jewellery
 h - a ring of protection from magic (left hand)
 H - a ring of ice (right hand)
 W - an uncursed ring of flight
Wands
 M - a wand of iceblast (10)
 S - a wand of polymorph (8)
Scrolls
 b - 2 scrolls of teleportation
 c - 2 scrolls of immolation
 A - a scroll of enchant armour
 E - 6 scrolls of remove curse
 K - a scroll of amnesia {unknown}
 L - 2 scrolls of identify
 N - a scroll of noise {unknown}
 T - a scroll of fear
Potions
 n - a potion of mutation {unknown}
 o - a potion of might
 u - 2 potions of degeneration {unknown}
 w - a potion of resistance {unknown}
 x - 2 potions of flight {unknown}
 D - 2 potions of brilliance {unknown}
 F - a potion of curing
 J - a potion of lignification {unknown}
Books
 a - a book of Maledictions

   Spells                             Type                      Level
   a - Corona                         Hexes                        1
   b - Ensorcelled Hibernation        Hexes/Ice                    2
   c - Confuse                        Hexes                        3
   d - Tukima's Dance                 Hexes                        3
   e - Dazzling Spray                 Conjuration/Hexes            3
 y - a book of Misfortune

   Spells                             Type                      Level
   a - Confusing Touch                Hexes                        1
   b - Confuse                        Hexes                        3
   c - Gell's Gravitas                Translocation                3
   d - Petrify                        Transmutation/Earth          4
   e - Metabolic Englaciation         Hexes/Ice                    5
   f - Yara's Violent Unravelling     Hexes/Transmutation          5
 V - a book of Callings

   Spells                             Type                      Level
   a - Summon Small Mammal            Summoning                    1
   b - Call Imp                       Summoning                    2
   c - Call Canine Familiar           Summoning                    3
   d - Summon Guardian Golem          Hexes/Summoning              3
   e - Summon Lightning Spire         Summoning/Air                4
   f - Summon Ice Beast               Ice/Summoning                4
Comestibles
 g - 6 rations
 R - 5 chunks of flesh


   Skills:
 + Level 6.1 Fighting
 + Level 4.0 Short Blades
 + Level 4.8 Long Blades
 + Level 4.0 Axes
 + Level 4.0 Maces & Flails
 + Level 4.0 Polearms
 + Level 4.0 Staves
 + Level 4.0 Slings
 + Level 4.0 Bows
 + Level 4.0 Crossbows
 + Level 4.0 Throwing
 + Level 4.0 Armour
 + Level 4.8 Dodging
 + Level 5.9 Stealth
 + Level 4.0 Shields
 + Level 4.0 Unarmed Combat
 + Level 5.0 Spellcasting
 + Level 3.3 Conjurations
 + Level 5.1 Hexes
 + Level 3.3 Charms
 + Level 3.3 Summonings
 + Level 3.3 Necromancy
 + Level 3.3 Translocations
 + Level 3.3 Transmutations
 + Level 3.3 Fire Magic
 + Level 3.3 Ice Magic
 + Level 3.3 Air Magic
 + Level 3.3 Earth Magic
 + Level 3.3 Poison Magic
 + Level 4.4 Invocations
 + Level 4.8 Evocations


You had 3 spell levels left.
You knew the following spells:

 Your Spells              Type           Power        Failure   Level  Hunger
a - Corona                Hex            ####...      1%          1    None
b - Dazzling Spray        Conj/Hex       ###...       6%          3    ##.....
c - Tukima's Dance        Hex            ####....     4%          3    ##.....
d - Gell's Gravitas       Tloc           ###.......   9%          3    ##.....
e - Call Imp              Summ           ###.....     4%          2    None
f - Summon Guardian Gole  Hex/Summ       ###.....     6%          3    ##.....


Dungeon Overview and Level Annotations

Branches:
Dungeon (7/15)             Temple (1/1) D:4

Altars:
Ashenzari
Cheibriados
Dithmenos
Elyvilon
Fedhas
Gozag
Kikubaaqudgha
Makhleb
Nemelex Xobeh
Okawaru
Qazlal
Ru
Sif Muna
Trog
Uskayaw
Xom
Yredelemnul
The Shining One
Lugonu


Innate Abilities, Weirdness & Mutations

Your experience applies equally to all skills.
You have very sharp teeth.
Your uncanny sense of smell can sniff out nearby items.


Message History

The daeva blocks your crimson imp's attack.
The daeva hits your crimson imp with a long sword of holy wrath.
Your crimson imp dies!
The Shining One sends the divine host to punish you for your evil ways! 2 daevas come into view.
A daeva is wielding a scimitar of holy wrath.
A daeva is wielding an eudemon blade of holy wrath.
As you read the scroll of teleportation, it crumbles to dust.
You feel strangely unstable.
The daeva calls down the wrath of the Shining One upon you.
The Shining One smites you!
You feel better.
The daeva calls down the wrath of the Shining One upon you.
The Shining One smites you!
* * * LOW HITPOINT WARNING * * *
The daeva hits you with a scimitar of holy wrath!
* * * LOW HITPOINT WARNING * * *
The daeva hits you with a scimitar of holy wrath!
* * * LOW HITPOINT WARNING * * *
The daeva hits you with an eudemon blade of holy wrath!
You die...

########### ......AA@A# .
#########.##########...# #####
...######............... ....
........................
###.####..####..(........######
##.....##..# #.########..#
#..)....#..# #.# #..#
#.......#.# #.# #..#
...._.[...#####.########...


You could see 3 daevas.

Vanquished Creatures
  Sigmund (D:2)
  An orc warrior (D:7)
  An ice beast (D:9)
  A sky beast (D:7)
  A necrophage (D:9)
  3 ogres (D:4)
  4 bullfrogs
  3 scorpions
  4 killer bees (D:7)
  A crimson imp (D:9)
  A hound (D:9)
  A jelly (D:7)
  A quasit (D:9)
  3 bullfrog zombies
  5 orc wizards
  A bullfrog skeleton (D:4)
  Jessica (D:2)
  An iguana (D:4)
  6 worker ants
  A hound skeleton (D:7)
  3 gnolls (D:7)
  12 adders
  An adder skeleton (D:5)
  2 worms
  4 dart slugs
  5 leopard geckos
  23 orcs
  A ball python (D:3)
  4 bats
  7 giant cockroaches
  9 goblins
  4 hobgoblins
  8 jackals (D:4)
  5 quokkas
  5 frilled lizards
  A jackal skeleton (D:5)
  6 kobolds
  4 rats
145 creatures vanquished.

Vanquished Creatures (others)
  A dancing weapon (D:4)
1 creature vanquished.

Grand Total: 146 creatures vanquished

Notes
Turn   | Place    | Note
-------+----------+-------------------------------------------
     0 | D:1      | plate the Gnoll Wanderer began the quest for the Orb.
     0 | D:1      | plate set off with: a book of Maledictions, a scroll of teleportation, a potion of curing, a +0 robe, a +0 club, a +0 dagger, a ration
     0 | D:1      | Reached XP level 1. HP: 20/20 MP: 4/4
    71 | D:1      | Learned a level 1 spell: Corona
   132 | D:1      | Reached XP level 2. HP: 23/26 MP: 3/5
   878 | D:2      | Found an iron altar of Okawaru.
   918 | D:2      | Reached XP level 3. HP: 17/31 MP: 7/7
  1252 | D:2      | Noticed Jessica
  1288 | D:2      | Killed Jessica
  1288 | D:2      | Reached skill level 1 in Short Blades
  1288 | D:2      | Reached skill level 1 in Axes
  1288 | D:2      | Reached skill level 1 in Maces & Flails
  1288 | D:2      | Reached skill level 1 in Polearms
  1288 | D:2      | Reached skill level 1 in Staves
  1288 | D:2      | Reached skill level 1 in Slings
  1288 | D:2      | Reached skill level 1 in Bows
  1288 | D:2      | Reached skill level 1 in Crossbows
  1288 | D:2      | Reached skill level 1 in Throwing
  1288 | D:2      | Reached skill level 1 in Armour
  1288 | D:2      | Reached skill level 1 in Shields
  1288 | D:2      | Reached skill level 1 in Unarmed Combat
  1288 | D:2      | Reached skill level 1 in Invocations
  1288 | D:2      | Reached XP level 4. HP: 19/38 MP: 8/8
  1789 | D:2      | Noticed Sigmund
  2232 | D:2      | Learned a level 3 spell: Dazzling Spray
  2236 | D:2      | Learned a level 3 spell: Tukima's Dance
  2562 | D:2      | Found a white marble altar of Elyvilon.
  2562 | D:2      | Found a hide-covered altar of Uskayaw.
  2592 | D:2      | Reached skill level 1 in Conjurations
  2592 | D:2      | Reached skill level 1 in Charms
  2592 | D:2      | Reached skill level 1 in Summonings
  2592 | D:2      | Reached skill level 1 in Necromancy
  2592 | D:2      | Reached skill level 1 in Translocations
  2592 | D:2      | Reached skill level 1 in Transmutations
  2592 | D:2      | Reached skill level 1 in Fire Magic
  2592 | D:2      | Reached skill level 1 in Ice Magic
  2592 | D:2      | Reached skill level 1 in Air Magic
  2592 | D:2      | Reached skill level 1 in Earth Magic
  2592 | D:2      | Reached skill level 1 in Poison Magic
  2803 | D:2      | Became a worshipper of Elyvilon the Healer
  2920 | D:2      | Killed Sigmund
  2920 | D:2      | Reached XP level 5. HP: 24/43 MP: 3/9
  3398 | D:3      | Reached XP level 6. HP: 41/50 MP: 10/10
  4137 | D:4      | Reached skill level 5 in Fighting
  4194 | D:4      | Reached XP level 7. HP: 36/56 MP: 2/12
  4378 | D:4      | Learned a level 3 spell: Gell's Gravitas
  4980 | D:4      | Got a dazzling dagger
  4981 | D:4      | Identified the +9 dagger "Agifai Zine" {drain, Str+4 Dex+3} (You found it on level 4 of the Dungeon)
  5068 | D:4      | Reached * piety under Elyvilon
  5134 | D:4      | Found a staircase to the Ecumenical Temple.
  5144 | Temple   | Entered the Ecumenical Temple
  5248 | Temple   | Fell from the grace of Elyvilon
  5248 | Temple   | Became a worshipper of the Shining One
  5404 | Temple   | Fell from the grace of the Shining One
  5404 | Temple   | Became a worshipper of Lugonu the Unformed
  5404 | Temple   | Reached * piety under Lugonu
  5922 | D:4      | Reached skill level 5 in Stealth
  5989 | D:4      | Found a deep blue altar of Sif Muna.
  6052 | D:4      | Noticed a daeva
  6052 | D:4      | Noticed a daeva
  6052 | D:4      | Noticed a daeva
  6208 | D:5      | Entered Level 5 of the Dungeon
  6209 | D:5      | Found a blossoming altar of Fedhas.
  6283 | D:5      | Found an opulent altar of Gozag.
  6394 | D:5      | Found a blossoming altar of Fedhas.
  6560 | D:5      | Found a shattered altar of Ashenzari.
  6768 | D:5      | Reached XP level 8. HP: 58/63 MP: 14/14
  7344 | D:6      | Found a snail-covered altar of Cheibriados.
  7700 | D:6      | Found a burning altar of Makhleb.
  7739 | D:6      | Found a stormy altar of Qazlal.
  8008 | D:6      | Noticed an angel
  8008 | D:6      | Noticed an angel
  8998 | D:7      | Found a shimmering altar of Xom.
  9096 | D:7      | Noticed a daeva
  9110 | D:7      | Reached ** piety under Lugonu
  9110 | D:7      | Was forgiven by Elyvilon
  9442 | D:7      | You fall through a shaft for 2 floors!
  9496 | D:9      | Reached XP level 9. HP: 69/69 MP: 16/16
  9530 | D:9      | Reached skill level 6 in Fighting
  9569 | D:9      | Learned a level 2 spell: Call Imp
  9573 | D:9      | Learned a level 3 spell: Summon Guardian Golem
  9614 | D:9      | Reached skill level 5 in Hexes
  9816 | D:9      | Found a shadowy altar of Dithmenos.
  9853 | D:9      | Reached skill level 5 in Spellcasting
  9874 | D:9      | Noticed a daeva
  9885 | D:9      | Noticed a daeva
  9885 | D:9      | Noticed a daeva
  9886 | D:9      | HP: 2/69 [daeva/scimitar of holy wrath[the Shining One] (8)]
  9886 | D:9      | Mangled by a daeva

Skill      XL: |  1  2  3  4  5  6  7  8  9 |
---------------+----------------------------+-----
Short Blades   | 1 2 3 4 |  4.0
Axes           | 1 2 3 4 |  4.0
Maces & Flails | 1 2 3 4 |  4.0
Polearms       | 1 2 3 4 |  4.0
Staves         | 1 2 3 4 |  4.0
Slings         | 1 2 3 4 |  4.0
Bows           | 1 2 3 4 |  4.0
Crossbows      | 1 2 3 4 |  4.0
Throwing       | 1 2 3 4 |  4.0
Armour         | 1 2 3 4 |  4.0
Shields        | 1 2 3 4 |  4.0
Unarmed Combat | 1 2 3 4 |  4.0
Invocations    | 1 2 3 4 |  4.4
Spellcasting   | 3 4 5 |  5.0
Conjurations   | 1 2 3 |  3.3
Charms         | 1 2 3 |  3.3
Summonings     | 1 2 3 |  3.3
Necromancy     | 1 2 3 |  3.3
Translocations | 1 2 3 |  3.3
Transmutations | 1 2 3 |  3.3
Fire Magic     | 1 2 3 |  3.3
Ice Magic      | 1 2 3 |  3.3
Air Magic      | 1 2 3 |  3.3
Earth Magic    | 1 2 3 |  3.3
Poison Magic   | 1 2 3 |  3.3
Long Blades    | 3 4 |  4.8
Dodging        | 3 4 |  4.8
Hexes          | 4 5 |  5.1
Evocations     | 3 4 |  4.8
Fighting       | 5 6 |  6.1
Stealth        | 5 |  5.9

Action                   |  1- 3 |  4- 6 |  7- 9 || total
-------------------------+-------+-------+-------++-------
Melee: Club              |    20 |       |       ||    20
       Bite              |     4 |    21 |    30 ||    55
       Spear             |    16 |    63 |       ||    79
       Falchion          |    27 |   110 |    46 ||   183
       Scythe            |       |    12 |       ||    12
       Dagger            |       |       |   201 ||   201
       Punch             |       |       |     2 ||     2
Throw: Tomahawk          |       |    10 |     2 ||    12
 Cast: Corona            |     3 |       |       ||     3
       Dazzling Spray    |       |    20 |    24 ||    44
       Tukima's Dance    |       |     4 |     5 ||     9
       Gell's Gravitas   |       |       |     1 ||     1
       Call Imp          |       |       |     5 ||     5
       Summon Guardian G |       |       |     2 ||     2
  Use: Potion            |     1 |     5 |     4 ||    10
       Scroll            |       |     6 |     8 ||    14
 Stab: Sleeping          |     3 |     4 |    16 ||    23
       Invisible         |       |       |     3 ||     3
       Distracted        |       |       |     2 ||     2
  Eat: Chunk             |     1 |     7 |     8 ||    16
       Ration            |       |     1 |     4 ||     5
Armor: Robe              |     2 |    27 |    51 ||    80
       Leather armour    |     1 |     7 |       ||     8
Dodge: Dodged            |    41 |   131 |   177 ||   349
       Rpst.: Falchion   |     4 |    27 |    12 ||    43
